 Dungeon Crawl Stone Soup version 0.26-a0-665-gefeb406119 (webtiles) character file.

Game seed: 16781923131857294180

62 timneilson the Covered (level 4, -1/42 HPs)
             Began as a Gargoyle Fighter on Oct 15, 2020.
             Slain by Sigmund
             ... wielding a +1 scythe of freezing
              (2 damage)
             ... on level 2 of the Dungeon.
             The game lasted 00:01:40 (951 turns).

timneilson the Covered (Gargoyle Fighter)            Turns: 951, Time: 00:01:41

Health: -1/42      AC: 10    Str: 20    XL:     4   Next: 8%
Magic:  4/4        EV: 11    Int:  9    God:
Gold:   81         SH:  9    Dex:  9    Spells: 3/3 levels left

rFire    . . .     SeeInvis .   a - +0 long sword
rCold    . . .     Faith    .   c - +0 kite shield
rNeg     + . .     Spirit   .   b - +0 scale mail
rPois    ∞         Reflect  .   (no helmet)
rElec    +         Harm     .   (no cloak)
rCorr    .         Rampage  .   (no gloves)
MR       .....                  (no boots)
Stlth    ..........             (no amulet)
HPRegen  0.14/turn              e - +4 ring of evasion
MPRegen  0.09/turn              i - ring of stealth

@: berserking, very quick
A: negative energy resistance 1, electricity resistance, unbreathing,
petrification resistance, rot immunity, AC +3
a: no special abilities


You were on level 2 of the Dungeon.
You visited 1 branch of the dungeon, and saw 2 of its levels.

You collected 81 gold pieces.

Inventory:

Hand Weapons
 a - a +0 long sword (weapon)
Armour
 b - a +0 scale mail (worn)
 c - a +0 kite shield (worn)
 j - a +0 plate armour
Jewellery
 e - a +4 ring of evasion (left hand)
 i - a ring of stealth (right hand)
Scrolls
 f - 4 scrolls of identify
 g - a scroll of teleportation {unknown}
 h - a scroll of enchant armour {unknown}
 m - 3 scrolls of fog
 n - a scroll of enchant weapon {unknown}
Potions
 d - 2 potions of might
 l - a potion of magic


   Skills:
 + Level 3.6 Fighting
 * Level 2.6 Long Blades
 * Level 3.9 Armour
 * Level 3.9 Shields


You had 3 spell levels left.
You didn't know any spells.
Your spell library was empty.

Dungeon Overview and Level Annotations

Branches:
Dungeon (2/15)

Altars:

Annotations:
D:2 Sigmund


Innate Abilities, Weirdness & Mutations

You are resistant to torment.
Your stone body is resilient. (AC +3)
You are immune to poison.
You resist negative energy. (rN+)
You are resistant to electric shocks. (rElec)
You can survive without breathing.
You are immune to petrification.
You are immune to rotting.


Message History

The jackal is severely wounded.
You block the jackal's attack. x2
Something hits you but does no damage. The jackal misses you.
You riposte.
You slash the jackal!
You kill the jackal!
Found a stone staircase leading up.
You miss something. Something hits you! Something freezes you.
Your scale mail prevents you from hitting something.
Something hits you!
* * * LOW HITPOINT WARNING * * *
Something freezes you.
* * * LOW HITPOINT WARNING * * *
Something hits you but does no damage.
Unknown command.
It was a potion of berserk rage.
A red film seems to cover your vision as you go berserk!
You feel yourself moving faster!
You feel mighty! Something hits you.
* * * LOW HITPOINT WARNING * * *
Something freezes you.
You die...

#...# #...########
#........?.# .
#..........# ..
#........(.#
..####......[...#
................########
................†.......
......#.)...^...@.......
......#..........{......
.[....#########....<...#
......'.................
......####+####........<
......# ..............#
...†..## ......##.......
#####..# ...... .......
##.##....


There were no monsters in sight!

Vanquished Creatures
  A gnoll (D:1)
  2 oozes
  6 bats (D:1)
  3 giant cockroaches (D:1)
  3 goblins (D:1)
  7 hobgoblins
  7 jackals
  6 kobolds
  A frilled lizard (D:1)
  5 rats
41 creatures vanquished.

Notes
Turn   | Place    | Note
-------+----------+-------------------------------------------
     0 | D:1      | timneilson the Gargoyle Fighter began the quest for the
                  | Orb.
     0 | D:1      | Reached XP level 1. HP: 14/14 MP: 1/1
   100 | D:1      | Reached XP level 2. HP: 19/19 MP: 2/2
   295 | D:1      | Reached XP level 3. HP: 23/23 MP: 3/3
   939 | D:2      | Reached XP level 4. HP: 28/28 MP: 4/4
   942 | D:2      | Noticed Sigmund
   951 | D:2      | HP: 1/42 [something (3)]
   951 | D:2      | Slain by Sigmund

Illustrated notes

Levels and vault maps discovered:
D:1:      lightli_molten_gateway, layout_loops_ring, minmay_crystal_room,
          corner_web_ring
D:2:      layout_basic, uniq_sigmund

Skill      XL: |  1 |
---------------+----+-----
Long Blades    | 2 |  2.6
Fighting       | |  3.6
Armour         | |  3.9
Shields        | |  3.9

Action                   |  1- 3 |  4- 6 || total
-------------------------+-------+-------++-------
Melee: Long sword        |   125 |    10 ||   135
  Use: Scroll            |     4 |       ||     4
       Potion            |       |     1 ||     1
Armor: Scale mail        |    51 |     5 ||    56
Dodge: Dodged            |    70 |     7 ||    77
Block: Kite shield       |    66 |     8 ||    74
       Rpst.: Long sword |    25 |     3 ||    28

Table legend: (Time is in decaauts)
 A = Elapsed time spent in this place.
 B = Non-inter-level travel time spent in this place.
 C = Inter-level travel time spent in this place.
 D = Time resting spent in this place.
 E = Time spent auto-exploring this place.
 F = Levels seen in this place.
 G = Mean time per level.
                   A        B        C        D        E       F      G
               +--------+--------+--------+--------+--------+-----+--------+
         Total |    997 |    944 |     53 |      0 |    657 |   2 |  498.5 |
       Dungeon |    997 |    944 |     53 |      0 |    657 |   2 |  498.5 |
               +--------+--------+--------+--------+--------+-----+--------+

Top non-repeatable levels by time:
     D:1: 889 daAuts
     D:2: 108 daAuts
